Map: Ruby Rock LE

Players

Sindyr

  • Race: Zerg Zerg
  • League: Gold
  • Spawn Location: 5:00

ReaSonLEader - Winner!

  • Race: Terran Terran
  • League: Gold
  • Spawn Location: 11:00

VOD

Have the link to the VOD?

Description

Time

  • Played on: Jan. 5, 2026, 8:15 a.m.
  • Length: 19:43
Show
View Real Time Build Order
Export as new Build Order

Sindyr Zerg 

Build Orders: Pool First 

Get SALT Encoding   

  12  0:07  Drone  
  12  0:11  Drone  
  14  0:16  Overlord  
  14  0:22  Extractor  
  14  0:24  Drone  
  15  0:42  Drone  
  15  0:43  Drone  
  16  1:10  Spawning Pool  
  15  1:15  Drone x2  
  17  1:21  Hatchery  
  16  1:26  Drone  
  16  1:29  Drone  
  18  1:37  Drone  
  19  1:55  Overlord  
  19  1:56  Queen  
  19  2:01  Metabolic Boost  
  21  2:12  Zergling x2  
  21  2:13  Zergling x2  
  23  2:30  Zergling x2  
  24  2:37  Queen  
  24  2:42  Queen  
  28  2:44  Drone  
  28  2:45  Drone x2  
  28  2:46  Drone  
  32  3:00  Roach Warren  
  31  3:10  Drone x2  
  33  3:24  Hatchery  
  32  3:35  Lair  
  32  3:40  Evolution Chamber  
  31  3:43  Evolution Chamber  
  30  3:52  Overlord x2  
  30  4:16  Extractor  
  29  4:17  Drone x10, Extractor  
  29  4:21  Drone  
  39  4:36  Zerg Missile Weapons Level 1  
  39  4:37  Hydralisk Den  
  38  4:41  Zerg Ground Armor Level 1  
  38  4:49  Queen  
  40  4:57  Drone x3  
  40  4:58  Drone  
  44  5:00  Drone  
  44  5:03  Overseer  
  45  5:10  Glial Reconstitution  
  45  5:12  Drone x2  
  47  5:14  Drone  
  48  5:24  Overlord x2  
  48  5:28  Muscular Augments  
  48  5:33  Drone  
  48  5:34  Drone x2  
  51  5:38  Extractor  
  50  5:56  Drone x4  
  50  5:57  Drone x8  
  62  5:58  Drone  
  63  6:25  Spore Crawler  
  63  6:26  Spore Crawler  
  63  6:29  Spore Crawler  
  63  6:31  Zerg Missile Weapons Level 2  
  60  6:39  Drone, Extractor  
  61  6:40  Drone x2  
  62  6:50  Zerg Ground Armor Level 2  
  62  6:55  Spore Crawler  
  62  6:56  Spore Crawler  
  62  6:57  Spore Crawler  
  62  7:00  Spine Crawler  
  59  7:01  Drone x7  
  59  7:02  Spine Crawler, Drone  
  59  7:08  Drone x2  
  67  7:10  Infestation Pit  
  67  7:11  Drone x3  
  69  7:32  Extractor  
  69  7:34  Grooved Spines  
  68  7:52  Hatchery  
  68  7:53  Hive  
  68  7:55  Pneumatized Carapace  
  68  7:57  Drone x2  
  68  7:58  Drone x4  
  73  8:08  Overlord x4  
  73  8:09  Overlord x3  
  73  8:17  Spore Crawler  
  73  8:18  Spore Crawler x4  
  66  8:26  Spore Crawler x2  
  63  8:28  Spore Crawler  
  63  8:29  Spore Crawler  
  61  8:35  Spore Crawler  
  61  8:37  Spore Crawler x2  
  58  8:52  Spore Crawler, Hatchery  
  56  8:56  Hydralisk x8  
  56  8:57  Hydralisk x11  
  56  9:00  Hydralisk  
  96  9:04  Hydralisk  
  96  9:06  Hydralisk  
  100  9:14  Spore Crawler  
  99  9:24  Hydralisk x5  
  93  9:33  Hydralisk  
  93  9:34  Hydralisk x2  
  97  9:44  Drone  
  97  9:45  Drone x2  
  100  9:48  Hydralisk  
  100  9:49  Roach  
  100  9:50  Roach x2  
  108  9:59  Zerg Missile Weapons Level 3  
  108  10:29  Overlord  
  108  10:30  Overlord x2  
  108  10:34  Zerg Ground Armor Level 3  
  108  10:36  Drone x4  
  108  10:37  Drone x2  
  108  10:39  Queen  
  116  10:46  Drone  
  117  10:53  Tunneling Claws  
  117  10:54  Hydralisk  
  117  10:55  Roach x7  
  117  10:56  Roach  
  135  10:57  Roach  
  135  11:00  Roach  
  135  11:02  Roach  
  141  11:25  Drone x4  
  145  11:26  Overlord x3  
  145  11:27  Overlord x2  
  145  11:42  Drone x3  
  145  11:43  Drone x5  
  153  11:56  Unknown, Spore Crawler x3  
  150  12:20  Hatchery, Hydralisk  
  150  12:21  Hydralisk x13  
  150  12:22  Roach x3  
  183  12:23  Roach  
  183  12:25  Roach  
  187  12:33  Extractor  
  186  12:42  Zerg Melee Weapons Level 1  
  186  12:59  Extractor  
  186  13:03  Hydralisk x2  
  186  13:04  Hydralisk x4, Roach  
  199  13:43  Roach  
  199  13:44  Hydralisk x5  
  199  13:45  Roach x4, Hydralisk  
  199  13:47  Hydralisk x2, Roach  
  199  13:48  Roach x3, Hydralisk  
  199  13:49  Hydralisk x3, Hatchery, Roach  
  199  13:50  Roach x2, Hydralisk  
  199  13:51  Roach x2, Hydralisk  
  199  13:52  Roach  
  144  14:03  Hydralisk x4, Roach  
  144  14:05  Roach  
  144  14:07  Roach  
  144  14:09  Roach  
  146  14:11  Roach  
  146  14:12  Hydralisk  
  146  14:15  Hydralisk  
  152  14:17  Hydralisk  
  154  14:50  Hydralisk x4  
  154  14:51  Hydralisk x9  
  180  14:53  Roach  
  176  15:15  Hydralisk x5  
  176  15:16  Roach x5, Hydralisk  
  176  15:18  Roach  
  176  15:19  Roach  
  162  15:21  Roach  
  162  15:23  Roach  
  144  15:31  Zergling x4  
  144  15:32  Zergling x12  
  144  15:33  Zergling x2  
  144  15:34  Zergling x2  
  140  15:39  Baneling Nest  
  140  15:40  Roach x2  
  140  15:42  Roach  
  145  15:43  Roach  
  145  15:46  Roach  
  145  15:47  Roach  
  145  15:49  Roach  
  153  15:51  Roach  
  155  15:59  Roach x4  
  155  16:00  Roach  
  155  16:04  Zerg Melee Weapons Level 2  
  165  16:24  Baneling x12  
  165  16:25  Baneling x8  
  165  16:34  Centrifugal Hooks  
  165  16:47  Hydralisk x4  
  165  16:48  Roach x3, Hydralisk x4  
  165  16:49  Roach x2  
  165  16:52  Zergling x4  
  165  16:54  Zergling x2  
  191  17:11  Zergling x2  
  191  17:12  Zergling x24  
  199  17:19  Hydralisk  
  199  17:20  Hydralisk, Roach x2  
  199  17:21  Zergling x2  
  199  17:22  Zergling x2  
  161  17:23  Zergling x2  
  161  17:24  Zergling x2  
  161  17:26  Zergling x2  
  161  17:27  Zergling x2  
  124  17:34  Baneling  
  124  17:35  Baneling x12  
  124  17:37  Baneling x4  
  122  17:38  Baneling  
  122  17:39  Baneling  
  122  17:40  Baneling  
  122  17:56  Zergling x2  
  122  17:57  Zergling x24  
  131  18:10  Hydralisk x5  
  129  18:13  Hydralisk  
  129  18:17  Hydralisk  
  129  18:19  Hydralisk  
  105  18:28  Zergling x12  
  105  18:29  Zergling x2  
  105  18:30  Zergling x2  
  102  18:44  Hydralisk x2  
  102  18:45  Hydralisk x3  
  111  19:02  Drone, Extractor  
  111  19:07  Hydralisk  
  111  19:08  Hydralisk x6  
  111  19:09  Roach  
  128  19:10  Zergling x2  
  128  19:19  Drone x2  
Show
View Real Time Build Order
Export as new Build Order

ReaSonLEader Terran - Winner!

Build Orders:  

Get SALT Encoding   

  12  0:02  SCV  
  14  0:14  SCV  
  14  0:18  Supply Depot  
  14  0:27  SCV  
  15  0:40  SCV  
  15  0:41  Barracks  
  16  0:52  SCV  
  17  1:01  Refinery  
  17  1:04  SCV  
  18  1:16  SCV  
  19  1:29  Orbital Command  
  19  1:33  Marine  
  19  1:34  Bunker  
  20  1:49  Command Center  
  20  1:53  Supply Depot  
  20  1:57  SCV  
  21  2:02  Marine  
  22  2:11  Barracks  
  22  2:12  SCV  
  23  2:20  Refinery  
  23  2:21  Marine  
  24  2:36  SCV  
  25  2:53  SCV  
  26  3:00  Supply Depot  
  26  3:02  Orbital Command, Factory  
  26  3:05  Refinery  
  26  3:06  Marine  
  26  3:08  SCV  
  28  3:18  Refinery  
  28  3:20  SCV  
  29  3:28  Supply Depot  
  29  3:29  SCV  
  29  3:32  SCV  
  31  3:44  SCV x2  
  33  3:54  Starport  
  33  3:57  SCV x2  
  33  4:02  Starport  
  35  4:09  SCV x2  
  37  4:15  Factory Tech Lab  
  37  4:21  SCV x2  
  39  4:38  Fusion Core  
  39  4:40  Starport Tech Lab x2  
  39  4:44  SCV x2  
  41  4:50  Supply Depot  
  41  4:56  Siege Tank, SCV x2  
  46  5:08  SCV  
  46  5:09  SCV  
  48  5:16  Supply Depot  
  48  5:21  SCV x2  
  50  5:30  Battlecruiser x2  
  50  5:33  Weapon Refit  
  62  5:42  Command Center  
  62  5:43  Siege Tank  
  62  5:46  Barracks Tech Lab  
  65  5:55  Engineering Bay  
  65  5:56  SCV x2  
  67  5:58  Engineering Bay  
  67  6:00  Supply Depot, Barracks Tech Lab  
  67  6:06  Stimpack  
  67  6:08  SCV x2  
  69  6:20  Armory  
  69  6:22  SCV x2  
  71  6:27  Supply Depot  
  71  6:29  Combat Shield  
  71  6:36  Battlecruiser  
  77  6:47  Battlecruiser  
  77  6:49  SCV x2  
  85  6:57  Command Center  
  85  7:16  Planetary Fortress  
  85  7:20  SCV x2  
  87  7:24  Terran Infantry Weapons Level 1, Terran Infantry Armor Level 1  
  87  7:30  Armory  
  87  7:35  Refinery  
  87  7:38  Refinery  
  87  7:44  Barracks  
  87  7:45  Barracks  
  87  7:48  Barracks  
  87  7:55  SCV x2  
  89  8:09  SCV  
  89  8:10  SCV x2  
  92  8:13  Battlecruiser  
  98  8:25  Starport  
  98  8:30  Concussive Shells  
  98  8:36  Barracks  
  98  8:38  Barracks  
  98  9:00  Command Center  
  98  9:01  Command Center  
  98  9:02  Battlecruiser  
  104  9:04  Command Center  
  104  9:06  Orbital Command  
  104  9:15  Starport  
  104  9:18  Hi-Sec Auto Tracking, Neosteel Armor  
  104  9:37  Barracks Reactor x3  
  98  9:40  Barracks Reactor x2  
  98  9:42  Marine x2  
  100  9:47  Starport Tech Lab  
  100  9:53  Starport Tech Lab  
  100  10:01  SCV x3  
  103  10:09  Terran Ship Weapons Level 1, Terran Vehicle And Ship Armor Level 1  
  103  10:13  SCV  
  104  10:14  Marine x3  
  104  10:15  Marine x5, Terran Infantry Weapons Level 2  
  104  10:16  Marine x4  
  89  10:28  Medivac x3  
  116  10:29  Medivac  
  116  10:32  Marine x4  
  116  10:34  Marine x5  
  133  10:55  Planetary Fortress x3  
  133  10:58  Terran Infantry Armor Level 2, Medivac  
  133  11:01  Refinery  
  133  11:02  Refinery  
  135  11:10  Medivac x3  
  141  11:13  Marine x6  
  141  11:14  Marine x6  
  153  11:28  Raven  
  153  11:30  Marine x2  
  153  11:31  Marine x3  
  160  11:36  Supply Depot, Hyperflight Rotors  
  160  11:40  Supply Depot  
  160  11:43  Supply Depot  
  160  11:56  Marine x5  
  160  11:57  Marine x6  
  160  11:58  Marine  
  172  12:10  Terran Ship Weapons Level 2, Terran Vehicle And Ship Armor Level 2  
  172  12:13  Command Center  
  172  12:14  Marine x6  
  172  12:15  Marine x3  
  181  12:18  Armory  
  181  12:19  Cloaking Field  
  181  12:31  SCV x3  
  184  12:42  Marine x6  
  184  12:43  Marine x4, SCV x2  
  196  12:46  Medivac x2  
  200  12:55  Starport  
  200  12:58  Starport  
  200  13:01  Advanced Ballistics  
  200  13:03  Starport x2  
  200  13:05  Terran Infantry Weapons Level 3  
  200  13:29  Command Center  
  200  13:31  Command Center  
  200  13:32  Command Center  
  173  13:51  Marine x12  
  144  14:08  Marine  
  144  14:09  Marine x11  
  156  14:20  Orbital Command  
  156  14:21  Command Center  
  156  14:24  Starport Tech Lab x3  
  156  14:25  Starport Tech Lab  
  156  14:26  Marine  
  156  14:27  Marine x11  
  156  14:28  Terran Infantry Armor Level 3  
  156  14:30  Terran Ship Weapons Level 3  
  168  14:42  Terran Vehicle And Ship Armor Level 3  
  168  14:44  Marine x3  
  168  14:45  Marine x9  
  180  15:02  Marine x9  
  180  15:03  Marine x2  
  180  15:04  Marine  
  185  15:20  Marine x11  
  170  15:22  Marine  
  150  15:37  Marine  
  150  15:38  Marine  
  150  15:39  Marine x2  
  150  15:40  Marine  
  155  15:43  Planetary Fortress  
  155  15:51  Marine  
  155  15:52  Marine x6  
  155  15:55  Marine  
  155  15:56  Marine  
  164  15:57  Marine x3  
  167  16:09  Marine x3  
  167  16:10  Marine x4  
  167  16:11  Battlecruiser  
  180  16:13  Marine x2  
  180  16:15  Marine x3  
  180  16:17  Terran Vehicle Weapons Level 1  
  185  16:24  Command Center  
  185  16:27  Marine x4  
  185  16:28  Marine x3  
  185  16:31  Marine x2  
  194  16:33  Marine  
  194  16:37  Banshee  
  198  16:46  Refinery  
  198  16:47  Marine  
  198  16:48  Marine, Refinery  
  140  17:31  Battlecruiser x3  
  140  17:32  Battlecruiser  
  164  17:37  Marine x3  
  164  17:38  Marine x2  
  164  17:43  Marine x3  
  164  17:44  Marine x4, Command Center  
  173  17:50  Planetary Fortress  
  175  18:07  Command Center  
  132  18:27  Marine  
  132  18:28  Marine x11  
  137  18:45  Marine x6  
  137  18:46  Marine x3  
  146  19:11  Marine x6  
  146  19:12  Marine x6  
Tags
 
League
GoldGold
Matchup
TvZ
Opening
Pool First
Replay Pack
Multiplayer
Spawn Locations
Cross Positions
Add a new tag
Caveats
  • Supply blocks, unpowered buildings, or Contaminate may cause inaccurate times.
  • Supply counts are checked every 10 seconds.